 Dungeon Crawl Stone Soup version 0.16.1-2-g95b8d4c (webtiles) character file.

113 ImaNewbie the Poker (level 4, -17/35 HPs)
             Began as a Merfolk Berserker on Mar 26, 2015.
             Was a Believer of Trog.
             Killed from afar by an orc (26 damage)
             ... with a wand of draining
             ... on level 3 of the Dungeon.
             The game lasted 00:06:32 (2436 turns).

ImaNewbie the Poker (Merfolk Berserker)             Turns: 2436, Time: 00:06:32

Health: -17/35     AC:  3    Str: 18    XL:     4   Next: 96%
Magic:  4/4        EV: 12    Int:  6    God:    Trog [**....]
Gold:   92         SH:  0    Dex: 13    Spells: 0 memorised, 3 levels left

rFire  . . .     SeeInvis .     a - +0 spear
rCold  . . .     Clarity  .     b - +0 animal skin
rNeg   . . .     SustAb   +     (no shield)
rPois  .         Gourm    .     (no helmet)
rElec  .         Spirit   .     (no cloak)
rCorr  .         Warding  .     r - +0 pair of gloves
rMut   .         Stasis   .     (no boots)
MR     .....                    (no amulet)
Stlth  +.........               (no ring)
                                e - ring of sustain abilities

@: drained, not resistant to hostile enchantments, very unstealthy
A: change form in water, swift swim
a: Burn Spellbooks, Berserk, Trog's Hand, Renounce Religion


You were on level 3 of the Dungeon.
You worshipped Trog.
Trog was pleased with you.
You were not hungry.

You visited 1 branch of the dungeon, and saw 3 of its levels.

You collected 92 gold pieces.

Inventory:

Hand weapons
 a - a +0 spear (weapon)
Armour
 b - a +0 animal skin (worn)
 r - a +0 pair of gloves (worn)
Jewellery
 e - a ring of sustain abilities (left hand)
Scrolls
 f - 2 scrolls of fear {unknown}
 g - 3 scrolls of teleportation {unknown}
 m - a scroll of remove curse {unknown}
 n - a scroll of recharging {unknown}
 o - a scroll of blinking {unknown}
 p - 2 scrolls of identify {unknown}
Potions
 h - a potion of heal wounds {unknown}
 i - 2 potions of might {unknown}
 j - 2 potions of haste {unknown}
 k - a potion of agility {unknown}
 l - a potion of mutation {unknown}
 q - a potion of ambrosia {unknown}
 s - a potion of degeneration {unknown}
Comestibles
 c - 2 bread rations
 d - 3 meat rations


   Skills:
 - Level 3.2(2.2) Fighting
 + Level 7.9(6.7) Polearms
 - Level 1.3(0.3) Armour
 - Level 2.6(1.6) Dodging


You had 3 spell levels left.
You didn't know any spells.

Dungeon Overview and Level Annotations

Branches:
Dungeon (3/15)

Altars:
Xom
Yredelemnul


Message History

You kill the orc!
Trog accepts your kill.
Attack whom?
Press: ? - help, Dir - move target cursor, f - orc
Aim: an orc, wielding a short sword and wearing a scale mail You reach to attack!
You hit the orc!
You kill the orc!
Trog accepts your kill.
No target in view!
No target in view!
No target in view!
An orc comes into view. It is wielding a short sword.
The orc shouts!
The orc zaps a wand.
The bolt of negative energy hits you!
You feel drained.
* * * LOW HITPOINT WARNING * * *
It is a wand of draining.
Items here: )) [[ †† The orc zaps a wand.
The bolt of negative energy hits you!
You feel drained.
Ouch! That really hurt!
You die...

###### # #### #...?## .#
#..) ####.....## .# #.##
......[...##o.# #.##
#.......).# #.#.
#...@.)###########.#.
#######..########.......#.
....[..........>........#.
########..#...#.#.......#.
##.#...#.#.......#.
#..)..#.#.......#.
####....#.#.......#.
#.......#.######....
#.......#.# #.###


You could see an orc.

Vanquished Creatures
  A hound zombie (D:3)
  4 adders
  A worm (D:3)
  3 orcs (D:3)
  2 ball pythons (D:2)
  9 bats
  3 giant cockroaches
  9 goblins
  4 hobgoblins
  A giant gecko (D:2)
  2 giant newts
  8 kobolds
  7 rats
54 creatures vanquished.

Notes
Turn   | Place    | Note
--------------------------------------------------------------
     0 | D:1      | ImaNewbie, the Merfolk Berserker, began the quest for the Orb.
     0 | D:1      | Reached XP level 1. HP: 18/18 MP: 1/1
   232 | D:1      | Reached skill level 5 in Polearms
   235 | D:1      | Reached XP level 2. HP: 24/24 MP: 2/2
  1098 | D:2      | Reached skill level 6 in Polearms
  1098 | D:2      | Reached XP level 3. HP: 23/29 MP: 3/3
  1149 | D:2      | Acquired Trog's second power
  1628 | D:2      | Found a basalt altar of Yredelemnul.
  1930 | D:3      | Reached XP level 4. HP: 33/35 MP: 4/4
  1943 | D:3      | Reached skill level 7 in Polearms
  2083 | D:3      | Found a shimmering altar of Xom.
  2436 | D:3      | Killed from afar by an orc

Action                   |  1- 3 |  4- 6 || total
-------------------------+-------+-------++-------
Melee: Spear             |   137 |    79 ||   216
Invok: Berserk           |     1 |     1 ||     2
 Stab: Sleeping          |     1 |       ||     1
  Eat: Chunk             |     4 |     3 ||     7
